 Dungeon Crawl Stone Soup version 0.20.1-1-g8b1a95d (webtiles) character file.

2608 MovingMist the Skirmisher (level 9, -7/57 HPs)
             Began as a Gargoyle Fighter on Nov 18, 2017.
             Was an Elder of Okawaru.
             Mangled by an orc warrior
             ... wielding a +0 dire flail
              (20 damage)
             ... on level 6 of the Dungeon.
             The game lasted 00:16:51 (5017 turns).

MovingMist the Skirmisher (Gargoyle Fighter)        Turns: 5017, Time: 00:16:52

Health: -7/57      AC: 18    Str: 23    XL:     9   Next: 59%
Magic:  9/9        EV: 12    Int:  9    God:    Okawaru [****..]
Gold:   337        SH:  9    Dex: 12    Spells: 8/8 levels left

rFire    . . .     SeeInvis .   a - +0 flail
rCold    . . .     Gourm    .   c - +0 shield
rNeg     + . .     Faith    .   E - +4 ring mail of Fawupyac {+Fly MR+ Str+3}
rPois    ∞         Spirit   .   B - +0 helmet
rElec    +         Reflect  .   (no cloak)
rCorr    .         Harm     .   (no gloves)
MR       +....                  h - +0 pair of boots
Stlth    +.........             (no amulet)
Regen    0.2/turn               (no ring)
MPRegen  0.2/turn               (no ring)

@: no status effects
A: negative energy resistance 1, electricity resistance, unbreathing,
petrification resistance, rot immunity, AC +5
a: Heroism, Renounce Religion, Evoke Flight


You were on level 6 of the Dungeon.
You worshipped Okawaru.
Okawaru was greatly pleased with you.
You were not hungry.

You visited 1 branch of the dungeon, and saw 6 of its levels.

You collected 337 gold pieces.

Inventory:

Hand Weapons
 a - a +0 flail (weapon)
Missiles
 k - 5 javelins (quivered)
Armour
 c - a +0 shield (worn)
 h - a +0 pair of boots (worn)
 B - a +0 helmet (worn)
 E - the +4 ring mail of Fawupyac (worn) {+Fly MR+ Str+3}
   (You found it on level 5 of the Dungeon)

   It affects your strength (+3).
   It affects your resistance to hostile enchantments.
   It lets you fly.
Wands
 y - a wand of random effects (35/48)
 D - a wand of confusion (27/48)
 G - a wand of iceblast (5/15)
 I - a wand of lightning (10/15)
Scrolls
 e - a scroll of magic mapping
 i - 4 scrolls of remove curse
 j - 2 scrolls of enchant weapon
 o - 2 scrolls of fear {unknown}
 q - 2 scrolls of enchant armour {unknown}
 v - 6 scrolls of teleportation
 w - 2 scrolls of amnesia {unknown}
 x - a scroll of immolation {unknown}
 C - 2 scrolls of blinking {unknown}
Potions
 b - 2 potions of berserk rage
 d - 2 potions of might
 l - a potion of ambrosia
 m - a potion of brilliance {unknown}
 n - 4 potions of haste
 r - a potion of degeneration {unknown}
 u - a potion of invisibility {unknown}
 z - a potion of curing {unknown}
 F - a potion of mutation {unknown}
 H - 2 potions of agility {unknown}
Comestibles
 f - 8 bread rations
 p - 4 fruits
 s - 2 royal jellies
 t - 8 chunks of flesh
 A - 2 meat rations


   Skills:
 + Level 7.0 Fighting
 + Level 6.1 Maces & Flails
 + Level 6.9 Armour
 * Level 6.7 Dodging
 - Level 3.2 Shields


You had 8 spell levels left.
You didn't know any spells.

Dungeon Overview and Level Annotations

Branches:
Dungeon (6/15)             Temple (0/1) D:5

Altars:
Ashenzari
Cheibriados
Hepliaklqana
Nemelex Xobeh
Okawaru
Xom


Innate Abilities, Weirdness & Mutations

You are resistant to torment.
Your stone body is resilient. (AC +5)
You are immune to poison.
You resist negative energy. (rN+)
You are resistant to electric shocks. (rElec)
You can survive without breathing.
You are immune to petrification.
You are immune to rotting.


Message History

You closely miss the orc warrior.
The orc warrior is lightly wounded.
The orc warrior hits you with a dire flail.
* * * LOW HITPOINT WARNING * * *
You closely miss the orc warrior.
The orc warrior is lightly wounded.
You block the orc warrior's attack.
You hit the orc warrior but do no damage.
The orc warrior is lightly wounded.
You block the orc warrior's attack.
You closely miss the orc warrior.
The orc warrior is lightly wounded.
You block the orc warrior's attack.
You closely miss the orc warrior.
The orc warrior is lightly wounded.
You block the orc warrior's attack. The orc warrior misses you.
You barely miss the orc warrior.
The orc warrior is lightly wounded.
The orc warrior hits you with a dire flail!!
You die...

#.....................)..[.p...##
##.###.#.##.#.##...#####..p....##
#.# #.#.##.#......#####.p.....##
#.# #..................p.<.#..##
#.# #.#.#...........[.#.........
##.###.####.#..#.#...............
.................................
##.^########..########.#...##....
#..#.[.'..#..#.@o%.(#.#...##..##
#..#.8.#..#..#..#(=$#.#...##..##
#..#.(.#..#..#..#,.[#...........
#..#####..#.)#..#######.####..##
#..#......#..#......# ######..##
#..#......#))#......# #....#..[.
###.#..#####..#####..###....#....
....#......#..#......#........###
#####......#..#...)..#######.####


You could see an orc warrior.

Vanquished Creatures
  A two-headed ogre (D:6)
  Pikel (D:6)
  An orc warrior (D:6)
  2 phantoms
  3 ice beasts (D:6)
  A hornet zombie (D:6)
  2 ogres
  A centaur (D:5)
  A water moccasin zombie (D:5)
  A centaur zombie (D:6)
  2 bullfrog zombies (D:6)
  3 hounds
  3 orc wizards (D:6)
  Ijyb (D:3)
  2 iguanas (D:5)
  2 worker ants
  4 adders
  A shadow imp (D:6)
  An ooze (D:3)
  An adder skeleton (D:5)
  An adder zombie (D:5)
  4 worms
  3 dart slugs
  5 leopard geckos
  6 orcs
  4 ball pythons
  8 bats
  2 giant cockroaches
  4 hobgoblins
  16 jackals
  A quokka (D:2)
  3 frilled lizards
  6 goblins
  5 kobolds
  A quokka zombie (D:6)
  6 rats
109 creatures vanquished.

Vanquished Creatures (others)
  A slave (D:6)
  A worker ant (D:6)
2 creatures vanquished.

Grand Total: 111 creatures vanquished

Notes
Turn   | Place    | Note
-------+----------+-------------------------------------------
     0 | D:1      | MovingMist the Gargoyle Fighter began the quest for the Orb.
     0 | D:1      | Reached XP level 1. HP: 14/14 MP: 1/1
    60 | D:1      | Reached XP level 2. HP: 18/19 MP: 2/2
   207 | D:1      | Reached skill level 1 in Dodging
   634 | D:2      | Reached XP level 3. HP: 18/23 MP: 3/3
   873 | D:2      | Found a snail-covered altar of Cheibriados.
  1564 | D:3      | Reached XP level 4. HP: 19/28 MP: 4/4
  1695 | D:3      | Noticed Ijyb
  1729 | D:3      | Killed Ijyb
  2079 | D:3      | Reached XP level 5. HP: 32/33 MP: 5/5
  2253 | D:3      | Found a faded altar of an unknown god.
  2253 | D:3      | Found a hazy altar of Hepliaklqana.
  2258 | D:3      | Found an iron altar of Okawaru.
  2261 | D:3      | Found a shattered altar of Ashenzari.
  2262 | D:3      | Found a faded altar of an unknown god.
  2266 | D:3      | Became a worshipper of Warmaster Okawaru
  2339 | D:4      | Reached skill level 4 in Fighting
  2388 | D:4      | You fall through a shaft!
  2388 | D:5      | Entered Level 5 of the Dungeon
  2406 | D:5      | Found a staircase to the Ecumenical Temple.
  2836 | D:4      | Noticed a phantom
  2927 | D:4      | Killed a phantom
  2927 | D:4      | Reached XP level 6. HP: 32/39 MP: 6/6
  2999 | D:4      | Found a shimmering altar of Xom.
  3418 | D:5      | Reached * piety under Okawaru
  3430 | D:5      | Got a fine ring mail
  3431 | D:5      | Identified the +4 ring mail of Fawupyac {+Fly MR+ Str+3} (You found it on level 5 of the Dungeon)
  3515 | D:5      | Reached XP level 7. HP: 37/44 MP: 7/7
  3808 | D:6      | Reached skill level 5 in Fighting
  3808 | D:6      | Reached skill level 5 in Armour
  4260 | D:6      | Reached ** piety under Okawaru
  4260 | D:6      | Reached XP level 8. HP: 49/49 MP: 8/8
  4280 | D:6      | Noticed Pikel
  4300 | D:6      | HP: 1/49 [slave[Pikel] (3)]
  4311 | D:6      | Killed Pikel
  4311 | D:6      | Reached skill level 5 in Maces & Flails
  4311 | D:6      | Reached skill level 5 in Dodging
  4469 | D:6      | Found a sparkling altar of Nemelex Xobeh.
  4533 | D:6      | Reached skill level 6 in Fighting
  4601 | D:6      | Reached *** piety under Okawaru
  4791 | D:6      | Reached XP level 9. HP: 51/55 MP: 9/9
  4986 | D:6      | Noticed a two-headed ogre
  5006 | D:6      | Killed a two-headed ogre
  5006 | D:6      | Reached **** piety under Okawaru
  5006 | D:6      | Reached skill level 7 in Fighting
  5017 | D:6      | Mangled by an orc warrior

Skill      XL: |  1  2  3  4  5  6  7  8  9 |
---------------+----------------------------+-----
Dodging        | 1 2 3 4 5 6 |  6.7
Armour         | 4 5 6 |  6.9
Maces & Flails | 3 4 5 6 |  6.1
Fighting       | 4 5 6 7 |  7.0
Shields        | |  3.2

Action                   |  1- 3 |  4- 6 |  7- 9 || total
-------------------------+-------+-------+-------++-------
Melee: Flail             |   166 |   267 |   302 ||   735
Invok: Heroism           |       |       |     2 ||     2
  Use: Scroll            |       |     7 |     1 ||     8
       Potion            |       |       |     3 ||     3
  Eat: Chunk             |     2 |     6 |     7 ||    15
Armor: Scale mail        |    86 |       |       ||    86
       Plate armour      |    18 |   201 |       ||   219
       Ring mail         |       |     6 |   176 ||   182
Dodge: Dodged            |    44 |    60 |   166 ||   270
Block: Shield            |   101 |   149 |   169 ||   419
